[Event "Early-Titled-Tuesday-Blitz-December-26-2023"]
[Site "Chess.com"]
[Date "2023.12.26"]
[Round "8"]
[White "maurovargas01"]
[Black "LeoWin2012"]
[Result "0-1"]
[WhiteElo "1862"]
[BlackElo "2227"]
[TimeControl "180+1"]
[EndTime "9:28:55 PST"]
[Termination "LeoWin2012 won on time"]

1. e4 c5 2. Nc3 e6 3. f4 d5 4. Nf3 d4 5. Ne2 Nc6 6. d3 Bd6 7. g3 e5 8. Bg2 Nf6 9. O-O O-O 10. a3 Re8 11. Qe1 Bg4 12. h3 Bd7 13. g4 exf4 14. Nxf4 Ne5 15. Ng5 h6 16. Nf3 Nxf3+ 17. Rxf3 Qc7 18. Nh5 Nxh5 19. gxh5 Bc6 20. Qf1 Re7 21.
Bd2 Rae8 22. Re1 Bh2+ 23. Kh1 Bg3 24. Re2 Be5 25. Bf4 Bxf4 26. Rxf4 Qe5 27. Rf5 Qg3 28. Ref2 Rf8 29. R5f4 Bd7 30. R2f3 Qg5 31. h4 Qxh5 32. Rg3 Kh8 33. Bf3 Qe5 34. Bg4 Bxg4 35. Rfxg4 f5 36.
exf5 Rxf5 0-1

[Event "Early-Titled-Tuesday-Blitz-December-26-2023"]
[Site "Chess.com"]
[Date "2023.12.26"]
[Round "8"]
[White "Zurability"]
[Black "AGW2016"]
[Result "1-0"]
[WhiteElo "2703"]
[BlackElo "2557"]
[TimeControl "180+1"]
[EndTime "9:28:57 PST"]
[Termination "Zurability won by checkmate"]

1. d4 Nf6 2. c4 g6 3. Nc3 Bg7 4. e4 d6 5. Be2 O-O 6. Be3 c5 7. d5 e6 8. Nf3 exd5 9. cxd5 b5 10. e5 dxe5 11. Bxb5 Re8 12. O-O Nbd7 13. Nd2 Rb8 14. Nc4 h5 15. h3 Qc7 16. d6 Qb7 17. Na5 Qb6 18. Nc6 Rb7 19. Ne7+ Kf8 20. Bg5 a6 21. Ba4 Qxb2 22. Ncd5 Nxd5 23. Qxd5 Qd4 24. Qf3 Qxa4 25. Nxg6+ Kg8 26. Ne7+ Kf8 27. Nxc8 e4 28.
Qxh5 Rxc8 29. Qh7 Qd4 30. Be7+ Ke8 31. Rad1 Qe5 32. Qg8+ Bf8 33. Rfe1 Qe6 34. Re3 c4 35. Rde1 c3 36. Rxe4 c2 37. Rxe6 fxe6 38. Qg6# 1-0

[Event "Early-Titled-Tuesday-Blitz-December-26-2023"]
[Site "Chess.com"]
[Date "2023.12.26"]
[Round "8"]
[White "ilushka"]
[Black "Lady_Nika"]
[Result "1-0"]
[WhiteElo "2490"]
[BlackElo "2600"]
[TimeControl "180+1"]
[EndTime "9:28:57 PST"]
[Termination "ilushka won by resignation"]

1. Nf3 d5 2. g3 e6 3. Bg2 f5 4. d3 Nf6 5. O-O Be7 6. Nbd2 O-O 7.
Qe1 c5 8. e4 d4 9. exf5 exf5 10.
Nc4 Nc6 11. a4 Re8 12. Qd1 Nd5 13. Re1 Nc7 14. Bf4 Nd5 15. Nfe5 Nxe5 16. Bxe5 Nb6 17. a5 Nd7 18. Bf4 g5 19. Bd5+ Kg7 20. Bd2 Nf6 21. Bg2 h6 22. a6 Rb8 23. axb7 Bxb7 24. Rxa7 Bxg2 25. Kxg2 Kf8 26. Qf3 f4 27. Ne5 Bd6 28. Nc6 Rxe1 29. Nxd8 Rxd8 30. Bxe1 g4 31. Qc6 f3+ 32. Kf1 c4 33. Ra8 Rxa8 34. Qxa8+ Ke7 35. dxc4 1-0

[Event "Early-Titled-Tuesday-Blitz-December-26-2023"]
[Site "Chess.com"]
[Date "2023.12.26"]
[Round "8"]
[White "ftorodent"]
[Black "DvaHrasta"]
[Result "1-0"]
[WhiteElo "2640"]
[BlackElo "2477"]
[TimeControl "180+1"]
[EndTime "9:29:00 PST"]
[Termination "ftorodent won on time"]

1. d4 Nf6 2. c4 e6 3. Nf3 d5 4. Nc3 Bb4 5. Qa4+ Nc6 6. e3 O-O 7. Bd2 Bd7 8. Qc2 Re8 9. Rd1 a6 10. a3 Bxc3 11. Bxc3 Ne4 12. Bd3 f5 13. O-O g5 14.
Ne5 Nxe5 15. dxe5 Nxc3 16. Qxc3 c6 17. Qd4 Qe7 18. b4 a5 19. c5 axb4 20. axb4 Ra3 21. Ra1 Rea8 22. Rxa3 Rxa3 23. Ra1 Rxa1+ 24. Qxa1 Qd8 25.
Qa7 Qc7 26. f4 g4 27. Kf2 Kg7 28. h3 h5 29. hxg4 hxg4 30. Qa1 b6 31. Qh1 bxc5 32.
bxc5 Qa7 33. Qh4 Be8 34. Qf6+ Kg8 35. Qxe6+ Bf7 36. Qxc6 Qa2+ 37. Kg3 Qd2 38. Qc8+ Kg7 39. Qxf5 Qxe3+ 40. Kh4 Qf2+ 41. Kg5 Qxg2 42. Qh7+ Kf8 43. Kf6 1-0

[Event "Early-Titled-Tuesday-Blitz-December-26-2023"]
[Site "Chess.com"]
[Date "2023.12.26"]
[Round "8"]
[White "johnmez"]
[Black "DeyanKostov"]
[Result "0-1"]
[WhiteElo "2308"]
[BlackElo "2488"]
[TimeControl "180+1"]
[EndTime "9:29:00 PST"]
[Termination "DeyanKostov won by resignation"]

1. d4 d5 2. Bf4 Nf6 3. e3 e6 4. Bd3 Bd6 5. Ne2 O-O 6. O-O c5 7. c3 Qc7 8. Nd2 e5 9. dxe5 Bxe5 10. Nf3 Bxf4 11. Nxf4 Nc6 12. Rc1 b6 13. Qc2 h6 14. Rfd1 Bg4 15. Nxd5 Nxd5 16. Bh7+ Kh8 17. Rxd5 Bxf3 18. gxf3 g6 19. Bxg6 fxg6 20. Rcd1 Rad8 21. Rxd8 Rxd8 22. Rxd8+ Qxd8 23. Qxg6 Qg8 24. Qxg8+ Kxg8 25.
f4 Kf7 26. Kg2 a5 27. Kf3 a4 28. Ke4 Ke6 29. f5+ Kd6 30. f4 Na5 31. Kd3 b5 32. e4 Nc4 33. e5+ Kd5 34. b3 axb3 35. axb3 Na5 36.
f6 Ke6 37. f5+ Kf7 38. b4 cxb4 39. cxb4 Nc6 40. Ke4 Nxb4 41. Kd4 Nc6+ 42. Kd5 Nxe5 43. Kxe5 b4 44. Kd4 Kxf6 45. Kc4 Kxf5 46. Kxb4 Kg4 47.
Kc4 Kh3 48. Kd4 Kxh2 49. Ke3 Kg3 50. Ke2 Kg2 0-1

[Event "Early-Titled-Tuesday-Blitz-December-26-2023"]
[Site "Chess.com"]
[Date "2023.12.26"]
[Round "8"]
[White "mbojan"]
[Black "LikeWater"]
[Result "1-0"]
[WhiteElo "2914"]
[BlackElo "2749"]
[TimeControl "180+1"]
[EndTime "9:29:03 PST"]
[Termination "mbojan won on time"]

1. a3 a6 2. h3 h6 3. e3 e6 4.
d4 d5 5. c4 c5 6. Nc3 Nf6 7. Nf3 Nc6 8. cxd5 exd5 9. Be2 c4 10. Ne5 Na5 11. O-O Nb3 12. Ra2 b5 13. Bd2 Bd6 14. Nb1 Bb7 15. Be1 Bxe5 16. dxe5 Nd7 17. Bc3 O-O 18. Nd2 Ndc5 19. Nxb3 Nxb3 20. Qb1 Qg5 21. f4 Qg3 22. Rf3 Qh4 23. Bd4 Nd2 24. Qc2 Nxf3+ 25. Bxf3 a5 26. Ra1 Qe7 27. Rf1 b4 28. f5 f6 29. exf6 gxf6 30. Qf2 Kh8 31. Bh5 bxa3 32. bxa3 Qxa3 33. Qf4 Kh7 34. Rf3 Qe7 35.
Bg6+ Kg7 36. Rg3 Rh8 37. Bh5+ Kf8 38. Rg6 Ra6 39. Qb8+ Kf7 40. Qxh8 1-0

[Event "Early-Titled-Tuesday-Blitz-December-26-2023"]
[Site "Chess.com"]
[Date "2023.12.26"]
[Round "8"]
[White "LileKoridze"]
[Black "ProfessorChess101"]
[Result "0-1"]
[WhiteElo "2387"]
[BlackElo "2604"]
[TimeControl "180+1"]
[EndTime "9:29:04 PST"]
[Termination "ProfessorChess101 won by checkmate"]

1. d4 Nf6 2. c4 e6 3. Nf3 a6 4. g3 b5 5. cxb5 axb5 6. Bg2 Bb7 7. O-O Be7 8. a3 O-O 9. Re1 b4 10. Bd2 Be4 11. Qb3 Nc6 12. Rc1 Rb8 13. axb4 Nxb4 14. Qc4 Nbd5 15. b3 Rb6 16. Nc3 Rb4 17. Qa6 Nxc3 18.
Bxc3 Rxb3 19. Nd2 Rb6 20. Qa2 Bxg2 21. Kxg2 Qb8 22. Ba5 Rb2 23. Qc4 Rc8 24. Nf3 Qb7 25. Kg1 h6 26. Ne5 c5 27. Nd3 Rxe2 28. Nxc5 Qf3 29. Rf1 Bxc5 30. dxc5 Ne4 31. Qa6 Rc6 32. Qa8+ Kh7 33. Rae1 Rxf2 34. Rxf2 Qxf2+ 35. Kh1 Qf3+ 36. Kg1 Ng5 37. Re2 Nh3# 0-1

[Event "Early-Titled-Tuesday-Blitz-December-26-2023"]
[Site "Chess.com"]
[Date "2023.12.26"]
[Round "8"]
[White "Dinosaurio_1975"]
[Black "snowlord"]
[Result "0-1"]
[WhiteElo "2620"]
[BlackElo "2910"]
[TimeControl "180+1"]
[EndTime "9:29:06 PST"]
[Termination "snowlord won on time"]

1. e4 Nf6 2. e5 Nd5 3. d4 d6 4. c4 Nb6 5. f4 dxe5 6. fxe5 g6 7. Nc3 Bg7 8. Be3 O-O 9. Nf3 Bg4 10. Be2 Bxf3 11.
gxf3 e6 12. Qd2 Nc6 13. O-O-O Qe7 14. c5 Nd7 15. h4 Rad8 16. Bg5 f6 17. exf6 Bxf6 18.
Qe3 Qg7 19. Bc4 Rfe8 20. Bxf6 Nxf6 21. Bxe6+ Kh8 22. d5 Nb4 23. Qf4 a5 24. a3 Na6 25.
Qc4 Qe7 26. b4 axb4 27. axb4 Qg7 28. Rhe1 Nb8 29. f4 b6 30. c6 b5 31. Nxb5 Na6 32.
Nc3 Ra8 33. Bd7 Reb8 34. d6 Rxb4 35. Qd3 Nd5 36. Kc2 Rab8 0-1

[Event "Early-Titled-Tuesday-Blitz-December-26-2023"]
[Site "Chess.com"]
[Date "2023.12.26"]
[Round "8"]
[White "LeoLV10"]
[Black "matagordo"]
[Result "0-1"]
[WhiteElo "2458"]
[BlackElo "2264"]
[TimeControl "180+1"]
[EndTime "9:29:06 PST"]
[Termination "matagordo won by resignation"]

1. e4 e6 2. d4 d5 3. e5 b6 4. c3 Qd7 5. f4 Ba6 6. Bxa6 Nxa6 7. Nf3 c5 8. O-O Ne7 9. Kh1 h5 10. Nh4 g6 11. Nd2 Bh6 12. Ndf3 Nc7 13. a4 a6 14.
Be3 c4 15. b3 b5 16. axb5 axb5 17. Qd2 Nf5 18. Nxf5 exf5 19. bxc4 bxc4 20. Rxa8+ Nxa8 21. e6 Qxe6 22. Qa2 O-O 23. Ne5 Nc7 24. Bd2 Ne8 25. Re1 Qc8 26. Qa5 Nf6 27. Bc1 Qa8 28.
Qc5 Ne4 29. Qb4 Qa2 30. Qe7 Qf2 31. Nf3 Nxc3 32. Qc5 h4 33. Bd2 h3 34. Rg1 hxg2+ 35. Rxg2 Qxf3 36. Bxc3 Qxc3 37. Qxd5 Qe3 38. Rxg6+ Kh7 39.
Rg3 Qe4+ 40. Qxe4 fxe4 41. Rc3 Rc8 0-1

[Event "Early-Titled-Tuesday-Blitz-December-26-2023"]
[Site "Chess.com"]
[Date "2023.12.26"]
[Round "8"]
[White "ShadyH9"]
[Black "JafarTheParrot"]
[Result "0-1"]
[WhiteElo "2332"]
[BlackElo "2518"]
[TimeControl "180+1"]
[EndTime "9:29:07 PST"]
[Termination "JafarTheParrot won by resignation"]

1. e4 c5 2. Nf3 Nc6 3. Bb5 g6 4. O-O Bg7 5. c3 Nf6 6. Re1 O-O 7. h3 e6 8. e5 Ne8 9. d4 cxd4 10. cxd4 Nc7 11. Nc3 d5 12. Bxc6 bxc6 13. b3 Re8 14.
Ba3 a5 15. Rc1 Nb5 16. Nxb5 cxb5 17. Bd6 b4 18. Rc5 Qd7 19. Qd2 Bb7 20. h4 Rec8 21.
h5 Rxc5 22. dxc5 Bc6 23. Nd4 Qb7 24. Re3 a4 25. Rf3 axb3 26. axb3 Ra1+ 27. Kh2 Be8 28. Qf4 Qa6 29. h6 Bh8 30. Nxe6 Qf1 31. Nc7 f5 32. exf6 Bf7 33. Qe5 Qh1+ 34. Kg3 Rg1 35. Nxd5 Qxg2+ 36. Kf4 Qg4+ 37. Ke3 Re1+ 38. Kd2 Rxe5 39. Bxe5 Qxf3 0-1

[Event "Early-Titled-Tuesday-Blitz-December-26-2023"]
[Site "Chess.com"]
[Date "2023.12.26"]
[Round "8"]
[White "Gyulamiryan-koryun"]
[Black "thechesscorner64"]
[Result "0-1"]
[WhiteElo "2021"]
[BlackElo "2408"]
[TimeControl "180+1"]
[EndTime "9:29:07 PST"]
[Termination "thechesscorner64 won by checkmate"]

1. e4 c5 2. Nf3 e6 3. c4 a6 4. Nc3 Qc7 5. g3 d6 6. Bg2 Nc6 7. b3 g6 8. Bb2 Bg7 9. Rb1 Nge7 10. Nd5 exd5 11. Bxg7 Rg8 12. exd5 Rxg7 13. dxc6 Nxc6 14.
O-O Kf8 15. d4 Bg4 16. dxc5 dxc5 17. Qd5 Ne7 18. Qg5 Bf5 19. Rbd1 Ng8 20. Nh4 Be6 21. Qe3 Re8 22. Qc3 Ne7 23. Nf3 Nf5 24. Ng5 Nd4 25.
Kh1 Bg4 26. Rxd4 cxd4 27. Qxd4 Bd7 28. Bd5 Bc6 29. Qc5+ Kg8 30. Rd1 Bxd5+ 31. Qxd5 Qc6 32. Qxc6 bxc6 33. Rd6 h6 34. Nf3 Re2 35. a4 Rxf2 36. Nd4 c5 37. Nc6 Rb2 38. Na5 f5 39. Rd8+ Kh7 40.
Rd1 Re7 41. Nc6 Ree2 42. Rd7+ Kg8 43. Rd8+ Kf7 44. Rd7+ Kf6 45. Rd6+ Kg5 46. h4+ Kg4 47. Rxg6+ Kh3 48. Ne5 Re1# 0-1

[Event "Early-Titled-Tuesday-Blitz-December-26-2023"]
[Site "Chess.com"]
[Date "2023.12.26"]
[Round "8"]
[White "noblerone"]
[Black "rachidhuilda"]
[Result "1-0"]
[WhiteElo "2524"]
[BlackElo "2352"]
[TimeControl "180+1"]
[EndTime "9:29:09 PST"]
[Termination "noblerone won by resignation"]

1. d4 Nf6 2. Nf3 d5 3. Bg5 Ne4 4. Bf4 c6 5. Nbd2 Nxd2 6. Qxd2 Bf5 7. e3 e6 8. h4 h5 9. Ne5 Nd7 10. f3 Nxe5 11. Bxe5 Bd6 12. Bd3 Bxd3 13. cxd3 f6 14. Bxd6 Qxd6 15. Kf2 e5 16. Qc3 O-O-O 17. b4 Kb8 18. a4 Rc8 19. Qc5 Qxc5 20. bxc5 exd4 21. exd4 Rce8 22. Rhe1 Kc7 23. Kg3 g5 24. hxg5 fxg5 25. Re5 Rxe5 26. dxe5 Kd7 27. d4 Ke6 28. Rh1 Rh7 29.
f4 Kf5 30. fxg5 Kxg5 31. Rf1 h4+ 32. Kh3 b6 33. Rc1 bxc5 34. Rxc5 Rc7 35. Rc1 Kf5 36. Kxh4 Ke4 37. Rd1 c5 38. dxc5 Kxe5 39. g4 Rxc5 40. g5 Rc2 41. Re1+ Kf5 42. Rf1+ Ke5 43. g6 Rc4+ 44. Kg5 Rxa4 45. g7 Ra2 46. Rg1 1-0

[Event "Early-Titled-Tuesday-Blitz-December-26-2023"]
[Site "Chess.com"]
[Date "2023.12.26"]
[Round "8"]
[White "SergioMoralesG"]
[Black "AnaKuchava"]
[Result "1-0"]
[WhiteElo "2395"]
[BlackElo "2209"]
[TimeControl "180+1"]
[EndTime "9:29:11 PST"]
[Termination "SergioMoralesG won on time"]

1. d4 d5 2. c4 e6 3. Nf3 Nf6 4.
Nc3 Be7 5. Bf4 c5 6. dxc5 Bxc5 7.
e3 Nc6 8. a3 O-O 9. Qc2 Qa5 10.
Rd1 Be7 11. Nd2 e5 12. Bg5 d4 13. Nb3 Qd8 14. Be2 h6 15. Bxf6 Bxf6 16. Nd5 dxe3 17. Nxe3 Qe7 18. O-O Be6 19. Nd5 Bxd5 20. cxd5 Nd4 21.
Nxd4 exd4 22. Bd3 Rac8 23. Qb3 Rfd8 24. g3 b6 25. Rfe1 Qd6 26. Be4 Rc5 27. h4 h5 28.
Re2 g6 29. Rde1 Rdc8 30. Qf3 Rc1 31. Kg2 Kg7 32. Qb3 Rxe1 33. Rxe1 Qc5 34. Qa4 Qc7 35. Re2 a5 36. Rc2 Qd8 37. Rc6 Rxc6 38. dxc6 Qc7 39.
Qc4 Be5 40. b4 axb4 41. axb4 Qd6 42. b5 Qc7 43. Qd3 Qd6 44. f4 1-0

[Event "Early-Titled-Tuesday-Blitz-December-26-2023"]
[Site "Chess.com"]
[Date "2023.12.26"]
[Round "8"]
[White "chessdiamant"]
[Black "wqws"]
[Result "1-0"]
[WhiteElo "2593"]
[BlackElo "2715"]
[TimeControl "180+1"]
[EndTime "9:29:14 PST"]
[Termination "chessdiamant won by resignation"]

1. d4 Nf6 2. Nf3 g6 3. b3 Bg7 4. Bb2 O-O 5. g3 a5 6. Bg2 b6 7.
O-O Bb7 8. c4 d6 9. Nc3 Nbd7 10.
Qc2 c5 11. d5 e5 12. dxe6 fxe6 13. Rad1 Qe7 14. Ng5 Bxg2 15. Kxg2 Rad8 16. Nb5 Nb8 17. e4 Nc6 18. f4 h6 19. Nf3 Ng4 20. Rde1 Nb4 21.
Qb1 Bxb2 22. Qxb2 Nd3 23. Qc2 Nxe1+ 24. Rxe1 g5 25. h3 Nf6 26. e5 dxe5 27. fxe5 Nh5 28. Qg6+ Ng7 29. Nd6 Rxd6 30. exd6 Qxd6 31. Qxh6 Qd3 32.
Rf1 e5 33. Rf2 e4 34. Nxg5 Rxf2+ 35. Kxf2 e3+ 36. Kg1 e2 37. Kf2 Qe3+ 38. Kxe3 e1=Q+ 39. Kf3 Qd1+ 40. Kf2 Qd2+ 41. Kf3 Qd3+ 42. Kg4 Qe2+ 43. Kf4 Qf2+ 44. Nf3 Qxa2 45. Qxb6 a4 46. Qd8+ Kh7 47. Ng5+ Kg6 48. Qd6+ Kh5 49. g4+ 1-0

[Event "Early-Titled-Tuesday-Blitz-December-26-2023"]
[Site "Chess.com"]
[Date "2023.12.26"]
[Round "8"]
[White "Yurasova_Daria"]
[Black "Devil_Sun"]
[Result "0-1"]
[WhiteElo "2465"]
[BlackElo "2610"]
[TimeControl "180+1"]
[EndTime "9:29:15 PST"]
[Termination "Devil_Sun won on time"]

1. d4 Nf6 2. Bg5 e6 3. e4 Be7 4. Nc3 d5 5. e5 Nfd7 6. Bxe7 Qxe7 7. Bd3 a6 8. Nge2 c5 9. dxc5 Nxc5 10. O-O Nc6 11.
f4 Bd7 12. Ng3 Nxd3 13. Qxd3 Qc5+ 14. Kh1 O-O-O 15. a3 h5 16. b4 Qd4 17. Qf3 Ne7 18. a4 Qxb4 19. Rfb1 Qc5 20. a5 Bc6 21. Na4 Bxa4 22. Rxa4 Nc6 23. Ra3 h4 24. Ne2 d4 25.
Rab3 Rd7 26. Qe4 Rhd8 27. Nc1 Rc7 28. Nd3 Qd5 29. Qe2 h3 30. Kg1 hxg2 31. Qxg2 g6 32. Qd2 Qxa5 33. Qe2 Qd5 34. Nb4 Nxb4 35. Rxb4 g5 36. f5 g4 37. Rb6 exf5 38. Qd3 Qe4 39. Qd1 Rxc2 0-1

[Event "Early-Titled-Tuesday-Blitz-December-26-2023"]
[Site "Chess.com"]
[Date "2023.12.26"]
[Round "8"]
[White "Lion_DL"]
[Black "malakismayil"]
[Result "0-1"]
[WhiteElo "2370"]
[BlackElo "2533"]
[TimeControl "180+1"]
[EndTime "9:29:16 PST"]
[Termination "malakismayil won by checkmate"]

1. d4 Nf6 2. c4 e6 3. Nf3 d5 4.
cxd5 exd5 5. Nc3 c6 6. Bg5 Be7 7. Qc2 O-O 8. e3 h6 9. Bh4 Bg4 10. Ne5 Be6 11. Bd3 Nbd7 12. Nxd7 Nxd7 13. Bxe7 Qxe7 14. O-O f5 15. Rab1 a6 16. b4 Qg5 17.
a4 Nf6 18. b5 axb5 19. axb5 Ne4 20. bxc6 bxc6 21. Ne2 Rac8 22. Ba6 Rc7 23. Rb7 Rff7 24. Rfb1 c5 25. Rxc7 Rxc7 26. Nf4 Bf7 27. dxc5 Rxc5 28. Qe2 Nc3 29. Rb8+ Kh7 30. Qf1 Qf6 31. h3 Ne4 32. Bd3 Qc6 33. Qe2 g5 34. Bxe4 dxe4 35. Qb2 gxf4 36.
Qh8+ Kg6 37. Qd8 Qf6 38. Rb6 Rc6 39. Rxc6 Qxc6 40. exf4 Qc1+ 41. Kh2 Qxf4+ 42. Kg1 Qc1+ 43. Kh2 Qc5 44. Qh4 Qe5+ 45. Kg1 Be6 46. g3 Bd5 47. Qd8 Qe6 48. Qb8 e3 49. fxe3 Qxe3+ 50. Kh2 Qf2# 0-1

[Event "Early-Titled-Tuesday-Blitz-December-26-2023"]
[Site "Chess.com"]
[Date "2023.12.26"]
[Round "8"]
[White "PavelChernomordik"]
[Black "campochess"]
[Result "1-0"]
[WhiteElo "2426"]
[BlackElo "2192"]
[TimeControl "180+1"]
[EndTime "9:29:17 PST"]
[Termination "PavelChernomordik won by resignation"]

1. e4 c5 2. Nc3 Nc6 3. Bb5 e5 4. Bxc6 bxc6 5. d3 d6 6. f4 f5 7.
fxe5 dxe5 8. Nf3 Bd6 9. exf5 Bxf5 10. O-O Ne7 11. Qe2 Bg4 12. h3 Bh5 13. g4 Bf7 14. Nxe5 O-O 15. Nxf7 Rxf7 16. Rxf7 Kxf7 17. Bg5 Qd7 18.
Rf1+ Kg8 19. Ne4 Nd5 20. c3 Re8 21. Qg2 c4 22. dxc4 Ne7 23. Qf3 Ng6 24. Nxd6 Ne5 25. Qd1 Re6 26. c5 h6 27. Bf4 Ng6 28. Bg3 Re3 29.
Rf3 Qe6 30. Nf5 Re2 31. Qb3 Qxb3 32. axb3 Rxb2 33. Nd4 a5 34. c4 Rd2 35. Nxc6 a4 36.
bxa4 Rc2 37. a5 Rxc4 38. Bf2 Ra4 39. Rb3 Nf4 40. Kh2 Ra2 41. Rf3 Nd3 42. Rxd3 Rxf2+ 43. Kg3 Rc2 44. Rd5 Kf7 45. a6 Ra2 46. Rd6 g5 47.
Ne5+ Kg7 48. Rg6+ Kh7 49. Rb6 Ra3+ 50. Kf2 Kg7 51. c6 1-0

[Event "Early-Titled-Tuesday-Blitz-December-26-2023"]
[Site "Chess.com"]
[Date "2023.12.26"]
[Round "8"]
[White "Klavdia_Nik"]
[Black "ZaidejasChEgis"]
[Result "1-0"]
[WhiteElo "1982"]
[BlackElo "2219"]
[TimeControl "180+1"]
[EndTime "9:29:18 PST"]
[Termination "Klavdia_Nik won by resignation"]

1. Nf3 Nf6 2. c4 g6 3. b3 Bg7 4.
Bb2 O-O 5. g3 c5 6. Bg2 Nc6 7. O-O d6 8. d4 cxd4 9. Nxd4 Bd7 10. Nc2 Qc8 11. Re1 Bh3 12. Bh1 Qc7 13.
Nc3 a6 14. e4 Rad8 15. Ne3 Be6 16. Rc1 Qb8 17. Bg2 Rfe8 18. f4 Qc8 19. Ncd5 Bh3 20.
Bf3 e5 21. Nxf6+ Bxf6 22. Nd5 Bg7 23. Qd2 Nd4 24. Bxd4 exd4 25. b4 Be6 26. Nb6 Qc7 27. c5 dxc5 28. bxc5 Bf8 29. Qb4 Bxa2 30. Red1 d3 31.
Rc3 d2 32. Rc2 Be6 33. Kg2 h5 34. Nd5 Bxd5 35. exd5 h4 36. Rdxd2 hxg3 37. hxg3 a5 38. Qb5 Re3 39. d6 Qc8 40. Qxb7 Qf5 41. Qd5 Qe6 42. Qxe6 fxe6 43. Re2 Rd3 44. Red2 Rb3 45. d7 Bxc5 46. Rxc5 Kf7 47. Rxa5 Ke7 48. Ra7 Rc3 49. Be4 Rc7 50.
Rxc7 e5 51. Rc8 exf4 52. Rxd8 1-0

[Event "Early-Titled-Tuesday-Blitz-December-26-2023"]
[Site "Chess.com"]
[Date "2023.12.26"]
[Round "8"]
[White "PedroGil25"]
[Black "Manukyan_Artak"]
[Result "0-1"]
[WhiteElo "2395"]
[BlackElo "2609"]
[TimeControl "180+1"]
[EndTime "9:29:20 PST"]
[Termination "Manukyan_Artak won by checkmate"]

1. e4 c6 2. Nc3 d5 3. Nf3 dxe4 4.
Nxe4 Nf6 5. Qe2 Nxe4 6. Qxe4 Qd5 7. Qh4 Bf5 8. Bc4 Qe4+ 9. Qxe4 Bxe4 10. Bxf7+ Kd8 11.
Bb3 Bxf3 12. gxf3 e5 13. d3 Nd7 14. f4 Kc7 15. fxe5 Nxe5 16. Bf4 Bd6 17. Bg3 Nf3+ 18. Ke2 Rhf8 19. Raf1 a5 20. c3 a4 21. Bc2 a3 22.
b4 Rf6 23. d4 Re8+ 24. Kd1 h5 25. h4 Bxg3 26. fxg3 Re3 27. Rf2 Rxc3 28. Rhf1 Kd6 29. Be4 Nxd4 30. Rxf6+ gxf6 31. Bg6 Rxg3 32. Bxh5 Ke5 33. Bf7 Rh3 34. h5 f5 35. Re1+ Kf6 36. Be8 Nb5 37. Kc2 Nd4+ 38. Kb1 Rh2 39. b5 Rb2+ 40. Kc1 Rxa2 41. h6 Ra1+ 42. Kd2 Nf3+ 43. Kc3 Rxe1 44. h7 Rxe8 45. b6 c5 46. Kc4 Rh8 47.
Kxc5 Rxh7 48. Kd6 a2 49. Kc5 a1=Q 50. Kd6 Qe5# 0-1

[Event "Early-Titled-Tuesday-Blitz-December-26-2023"]
[Site "Chess.com"]
[Date "2023.12.26"]
[Round "8"]
[White "HajiyevKanan"]
[Black "Aygehovit1992"]
[Result "1-0"]
[WhiteElo "2621"]
[BlackElo "2741"]
[TimeControl "180+1"]
[EndTime "9:29:23 PST"]
[Termination "HajiyevKanan won on time"]

1. d4 Nf6 2. Nf3 g6 3. g3 Bg7 4. Bg2 O-O 5. O-O d6 6. b3 a5 7. Bb2 a4 8. c4 c6 9. b4 b5 10. c5 d5 11. a3 Bf5 12. Nh4 Be4 13. f3 Bxb1 14. Qxb1 Nbd7 15. e4 dxe4 16. fxe4 Ng4 17. Rf3 Ndf6 18. h3 Nh6 19. Qd3 Qc7 20. Rd1 Rad8 21.
Qe2 Kh8 22. Rfd3 e6 23. Rf1 Nhg8 24. Rdf3 Rd7 25. d5 exd5 26. Rxf6 Nxf6 27. Rxf6 d4 28. Rf3 Rfd8 29. Rd3 Qe5 30. Qg4 h5 31. Qf4 Qe6 32. Nf3 Qc4 33. Ne5 Bxe5 34. Qxe5+ Kg8 35. Bf1 Qe6 36.
Qxe6 fxe6 37. e5 Rd5 38. Bg2 Rxe5 39. Bxc6 Re3 40. Bxb5 e5 41. Bc4+ Kg7 42. Rxe3 dxe3 43. Bxe5+ Kh7 44. Be2 Rd2 45. Kf1 Ra2 46. c6 Rc2 47. c7 Rxc7 48. Bxc7 1-0

[Event "Early-Titled-Tuesday-Blitz-December-26-2023"]
[Site "Chess.com"]
[Date "2023.12.26"]
[Round "8"]
[White "Nasrin_Babayeva"]
[Black "nitpicker"]
[Result "1/2-1/2"]
[WhiteElo "1833"]
[BlackElo "2297"]
[TimeControl "180+1"]
[EndTime "9:29:26 PST"]
[Termination "Game drawn by repetition"]

1. d4 Nf6 2. c4 e6 3. e3 d5 4. Nc3 Be7 5. b3 O-O 6. Bb2 b6 7. cxd5 exd5 8. Bd3 c5 9. Nf3 Nbd7 10. Ne5 Bb7 11. O-O Ne4 12. Bxe4 dxe4 13. Qe2 Nxe5 14. dxe5 Qc8 15. Nb5 Ba6 16. a4 Qc6 17. Qc4 Rfd8 18.
Rfd1 Bb7 19. Rxd8+ Bxd8 20. Nd6 Qd7 21. Nxe4 Bd5 22.
Qd3 Qc6 23. f3 Be7 24. Rd1 Be6 25. Ng3 a6 26. Nf5 Bf8 27. e4 b5 28. axb5 axb5 29. Ra1 Rc8 30. Ra7 c4 31. bxc4 bxc4 32. Qe3 Bc5 33. Bd4 Bxf5 34. Bxc5 Qxc5 35. Qxc5 Rxc5 36.
exf5 h6 37. f4 c3 38. Ra8+ Kh7 39. Ra1 Rc4 40. g3 Rd4 41. Rc1 Rd3 42. Kf2 Kg8 43. Ke2 Rd2+ 44. Ke3 Rxh2 45. Rxc3 Rg2 46. Kf3 Rd2 47. Rc8+ Kh7 48. Rc7 Kg8 49. Rc8+ Kh7 50.
Rc7 Kg8 51. Rc8+ 1/2-1/2

[Event "Early-Titled-Tuesday-Blitz-December-26-2023"]
[Site "Chess.com"]
[Date "2023.12.26"]
[Round "8"]
[White "MightyGMpretender"]
[Black "artin10862"]
[Result "1-0"]
[WhiteElo "2751"]
[BlackElo "2908"]
[TimeControl "180+1"]
[EndTime "9:29:27 PST"]
[Termination "MightyGMpretender won by resignation"]

1. Nf3 c5 2. g3 g6 3. Bg2 Bg7 4. O-O Nc6 5. c4 d6 6. e3 e5 7. d4 e4 8. Nfd2 f5 9. Nb3 b6 10. Nc3 Nf6 11. f3 exf3 12. Bxf3 Bb7 13. e4 fxe4 14.
Nxe4 O-O 15. Bg5 Qe7 16. dxc5 dxc5 17. Qd6 Nxe4 18. Bxe7 Nxd6 19. Bxd6 Rxf3 20. Rxf3 Rd8 21. Bc7 Rd7 22. Re1 Bxb2 23. Re2 Bd4+ 24. Nxd4 cxd4 25.
Re8+ Kg7 26. Bf4 d3 27. Bd2 Nd4 28. Rf2 Ne2+ 29. Kf1 h6 30. Ke1 g5 31. h4 Nd4 32. hxg5 hxg5 33. Bc3 Kg6 34. Bxd4 Rxd4 35. Re7 Be4 36. Rc7 Bf5 37. Rc6+ Kh5 38. Rxf5 Kg4 39.
Rd5 Re4+ 40. Kd2 Re2+ 41. Kxd3 Rxa2 42. Rg6 Kxg3 43. Rgxg5+ Kh4 44. Rg7 Kh3 45. Rd8 Ra3+ 46. Kd4 Kh2 47. Rh8+ Rh3 48. Rxh3+ 1-0

[Event "Early-Titled-Tuesday-Blitz-December-26-2023"]
[Site "Chess.com"]
[Date "2023.12.26"]
[Round "8"]
[White "Flawless_Fighter"]
[Black "FoxOnTheRun97"]
[Result "1-0"]
[WhiteElo "2791"]
[BlackElo "2573"]
[TimeControl "180+1"]
[EndTime "9:29:29 PST"]
[Termination "Flawless_Fighter won on time"]

1. e4 c6 2. d4 d5 3. exd5 cxd5 4. Bd3 Nc6 5. c3 g6 6. Bf4 Nh6 7. Nf3 Bf5 8. Bxh6 Bxh6 9. Bxf5 gxf5 10. O-O e6 11.
Nbd2 O-O 12. Ne1 Kh8 13. Nd3 Rg8 14. g3 Qf6 15. Nf3 f4 16. Kh1 Rg7 17. Nfe5 Rag8 18. Qf3 Ne7 19. Rg1 Qf5 20. Rae1 fxg3 21. fxg3 Qxf3+ 22. Nxf3 Rc8 23. Rgf1 Kg8 24. Nfe5 Nc6 25. Nxc6 bxc6 26. b4 Bg5 27. Re2 Be7 28. a4 Bd6 29. a5 Kf8 30. Rxe6 Rg6 31. Re3 Re8 32. Rxe8+ Kxe8 33. Kg2 h5 34. Nf4 Bxf4 35. Rxf4 Re6 36. Kf2 a6 37. h4 Ke7 38. Rf5 Rh6 39. Kf3 f6 40. Ke3 Rg6 41. Rf3 Ke6 42. Kf2 Rg8 43.
Re3+ Kd6 44. Kf3 Rg7 45. Kf4 Rg4+ 46. Kf5 Kd7 47. Kxf6 Re4 48. Rf3 Rg4 49. Ke5 Re4+ 50. Kf5 Rg4 51. Re3 Kd6 52. Re6+ Kd7 53. Rg6 Re4 54.
Rg7+ Kd6 55. Rg6+ Kd7 56. Rh6 Re3 57. Kf4 Rxc3 58. Rxh5 Rc4 59. Ke5 Rxb4 60. Rh7+ Ke8 61. g4 Rb5 62. g5 Kf8 63. g6 Kg8 64. Ra7 Rb1 65. Rxa6 Re1+ 66. Kd6 Kg7 67. h5 Rh1 68. Ra7+ Kg8 69. Rh7 1-0